 Dungeon Crawl Stone Soup version 0.31.0-11-ge490571c62 (webtiles) character file.

Game seed: 3239175642289777071

52 qw the Shooter (level 3, 0/18 HPs)
             Began as a Spriggan Hunter on Feb 4, 2024.
             Slain by an adder (2 damage)
             ... on level 2 of the Dungeon.
             The game lasted 00:00:04 (1222 turns).

qw the Shooter (Spriggan Hunter)                    Turns: 1222, Time: 00:00:05

Health: 0/18       AC:  2    Str:  7    XL:     3   Next: 60%
Magic:  4/4        EV: 19    Int: 10    God:
Gold:   90         SH:  0    Dex: 20    Spells: 2/2 levels left

rFire   . . .        a - +0 shortbow
rCold   . . .        (shield currently unavailable)
rNeg    . . .        c - +0 robe
rPois   .            (helmet restricted)
rElec   .            (no cloak)
rCorr   .            (gloves unavailable)
SInv    +            (boots unavailable)
Will    .....        (no amulet)
Stlth   ++           (no ring)
HPRegen 0.23/turn    (no ring)
MPRegen 0.09/turn

%: no passive effects
@: lethally poisoned (0 -> -2), very quick
A: very small, no large weapons, unfitting armour, see invisible, speed 3
a: no special abilities


You were on level 2 of the Dungeon.
You visited 1 branch of the dungeon, and saw 2 of its levels.

You collected 90 gold pieces.


Innate Abilities, Weirdness & Mutations

You are very small and have problems with some larger weapons.
You are too small for most types of armour.
You have supernaturally acute eyesight. (SInv)
You cover ground extremely quickly. (Speed+++)


   Skills:
 - Level 1.5 Fighting
 + Level 4.8 Ranged Weapons
 - Level 4.0 Dodging
 - Level 1.5 Stealth


You had 2 spell levels left.
You didn't know any spells.
Your spell library was empty.

Inventory:

Hand Weapons
 a - a +0 shortbow (weapon)
Armour
 c - a +0 robe (worn)
Scrolls
 b - a scroll of blinking {unknown}
 d - a scroll of poison {unknown}
 g - a scroll of teleportation {unknown}
Potions
 e - a potion of enlightenment
 f - a potion of might
 h - a potion of brilliance {unknown}
 j - a potion of invisibility {unknown}
 k - a potion of curing {unknown}
 l - 2 potions of lignification {unknown}

Dungeon Overview and Level Annotations

Branches:
Dungeon (2/15)

Altars:
Ashenzari


Message History

The adder is moderately wounded.
You hear an angry hiss.
You shoot an arrow. The arrow misses the adder.
A frilled lizard comes into view.
You shoot an arrow. The arrow barely misses the adder.
The frilled lizard hisses angrily.
The adder closely misses you.
You shoot an arrow. The arrow closely misses the adder.
The arrow closely misses the frilled lizard.
The adder bites you.
You shoot an arrow. The arrow misses the adder.
The arrow closely misses the frilled lizard.
The adder bites you.
You are poisoned.
The adder poisons you! The adder closely misses you.
You shoot an arrow. The arrow closely misses the adder.
You feel sick. The adder bites you.
You are more poisoned.
The adder poisons you! The frilled lizard misses you.
You shoot an arrow. The arrow hits the adder.
The adder is severely wounded.
You feel very sick. The adder misses you. The frilled lizard misses you.
The adder completely misses you.
You shoot an arrow. The arrow barely misses the adder.
You feel sick.
The frilled lizard completely misses you.
The adder misses you. The frilled lizard closely misses you.
You shoot an arrow. The arrow hits the adder.
The adder is almost dead.
You feel sick. The adder barely misses you. The frilled lizard bites you.
The adder closely misses you.
You shoot an arrow.
The arrow hits the adder but does no damage.
The adder is almost dead.
You feel sick. The adder misses you.
The frilled lizard completely misses you.
You shoot an arrow. The arrow closely misses the adder.
You feel sick. The adder bites you.
You die...

#.# ##.# #. #.#
##... #####. #.#
##.... ##.....
###.. .......(
#....[.#.....
####....
#..._...:# ##...
#........# ##..
#.......l###.##
#.# ..##.@S......
#.# #.###..###.#.
.. #.###..###.#.
.# #.##.........
#..)%........
#.##..##.....
#.##).# #....
############.##..#
.... #.#
.............##..#
... #.#


You could see an adder and a frilled lizard.

Vanquished Creatures
  A dart slug (D:1)
  2 endoplasms (D:1)
  2 giant cockroaches
  4 goblins
  5 hobgoblins
  9 jackals (D:1)
  5 kobolds
  2 quokkas (D:2)
  2 ball pythons
  4 bats
  A frilled lizard (D:1)
  5 rats
42 creatures vanquished.

Notes
Turn   | Place    | Note
-------+----------+-------------------------------------------
     0 | D:1      | qw the Spriggan Hunter began the quest for the Orb.
     0 | D:1      | Reached XP level 1. HP: 10/10 MP: 2/2
     0 | D:1      | 0 ||| qw: Version: 0.3-a-160-g6735b56
     0 | D:1      | 0 ||| qw: Game counter: 5562
     0 | D:1      | 0 ||| qw: Melee chars always use a shield: true
     0 | D:1      | 0 ||| qw: God list: Okawaru
     0 | D:1      | 0 ||| qw: Allow faded altars: false
     0 | D:1      | 0 ||| qw: Do Orc after clearing Dungeon:15 true
     0 | D:1      | 0 ||| qw: Do second Lair branch before Depths: true
     0 | D:1      | 0 ||| qw: Lair rune preference: random
     0 | D:1      | 0 ||| qw: Goals: Normal
     0 | D:1      | 0 ||| PLANNING D:1-11
    24 | D:1      | Reached skill level 3 in Dodging
   116 | D:1      | Reached XP level 2. HP: 14/14 MP: 3/3
   560 | D:1      | Reached XP level 3. HP: 18/18 MP: 4/4
   833 | D:1      | 833 ||| READING 2 scrolls labelled JIRHUI AROE.
   833 | D:1      | 833 ||| IDENTIFYING cyan potion
   834 | D:1      | 834 ||| READING scroll of identify.
   834 | D:1      | 834 ||| IDENTIFYING fizzy golden potion
   835 | D:1      | 835 ||| READING scroll labelled LEVU PUCOAHUI.
   836 | D:1      | 836 ||| READING scroll labelled PAODIK LIZ ODU.
   836 | D:1      | 836 ||| ENCHANTING +0 shortbow.
   837 | D:1      | 837 ||| READING scroll labelled YRGHYAT CUNUL.
   838 | D:1      | 838 ||| DROPPING scroll of butterflies.
  1201 | D:2      | Found a broken altar of Ashenzari.
  1220 | D:2      | HP: 4/18 [frilled lizard (1)]
  1222 | D:2      | Slain by an adder

Levels and vault maps discovered:
D:1:      psy_arrival_dodecagon, layout_loops_corners, hangedman_decor_points
D:2:      cheibrodos_old_hovel, layout_loops_ring, basic_altar

Skill      XL: |  1  2 |
---------------+-------+-----
Dodging        | 3 4 |  4.0
Fighting       | |  1.5
Ranged Weapons | |  4.8
Stealth        | |  1.5

Action                     || total
---------------------------++-------
   Fire: Shortbow          ||   152
    Use: Scroll            ||     5
 Armour: Robe              ||    18
  Dodge: Dodged            ||    62

Table legend:
 A = Non-vault XP
 B = Vault XP
 C = Vault XP percentage of total XP
 D = Non-vault monster count
 E = Vault monster count
 F = Vault count percentage of total count
                 A         B        C        D         E       F
            +---------+---------+-------+---------+---------+-------
      Total |      73 |       2 |   2.7 |      41 |       1 |   2.4
            +---------+---------+-------+---------+---------+-------
        D:1 |      55 |       0 |   0.0 |      30 |       0 |   0.0
        D:2 |      18 |       2 |  10.0 |      11 |       1 |   8.3
            +---------+---------+-------+---------+---------+-------
